 Dungeon Crawl Stone Soup version 0.20.1-1-g8b1a95d (webtiles) character file.

1195 tmwrnj the Cleaver (level 8, -2/69 HPs)
             Began as a Hill Orc Fighter on July 31, 2017.
             Was an Initiate of Beogh.
             Succumbed to Sigmund's poison
             ... on level 2 of the Dungeon.
             The game lasted 00:17:48 (4724 turns).

tmwrnj the Cleaver (Hill Orc Fighter)               Turns: 4724, Time: 00:17:49

Health: -2/69      AC: 15    Str: 21    XL:     8   Next: 44%
Magic:  8/8        EV:  6    Int:  8    God:    Beogh [......]
Gold:   220        SH: 10    Dex: 14    Spells: 7/7 levels left

rFire    . . .     SeeInvis .   a - +0 war axe
rCold    . . .     Gourm    .   c - +0 shield
rNeg     . . .     Faith    .   i - +4 chain mail
rPois    .         Spirit   .   l - +0 helmet
rElec    .         Reflect  .   (no cloak)
rCorr    .         Harm     .   (no gloves)
MR       .....                  (no boots)
Stlth    ..........             (no amulet)
Regen    0.3/turn               q - +4 ring of dexterity
MPRegen  0.2/turn               (no ring)

@: lethally poisoned (-2 -> -48)
A: no striking features
a: Renounce Religion


You were on level 2 of the Dungeon.
You worshipped Beogh.
Beogh was noncommittal.
You were very hungry.

You visited 1 branch of the dungeon, and saw 4 of its levels.

You collected 220 gold pieces.

Inventory:

Hand Weapons
 a - a +0 war axe (weapon)
 u - a +2 flail of protection
 y - a cursed -2 halberd
 A - a +0 short sword
Armour
 c - a +0 shield (worn)
 i - a +4 chain mail (worn)
 l - a +0 helmet (worn)
Jewellery
 q - a +4 ring of dexterity (left hand)
Scrolls
 b - 2 scrolls of enchant weapon {unknown}
 e - 2 scrolls of remove curse
 g - a scroll of teleportation {unknown}
 h - 2 scrolls of noise {unknown}
 k - 6 scrolls of identify {unknown}
 n - a scroll of fog {unknown}
 w - a scroll of recharging {unknown}
Potions
 d - a potion of might
 m - a potion of resistance {unknown}
 o - 3 potions of haste {unknown}
 s - 2 potions of brilliance {unknown}
 t - a potion of invisibility
 v - a potion of curing
 x - a potion of lignification {unknown}
Comestibles
 f - 2 bread rations
 j - 4 meat rations
 p - 7 fruits
 r - 4 royal jellies


   Skills:
 + Level 5.5 Fighting
 + Level 8.7 Axes
 + Level 5.2 Armour
 + Level 1.2 Dodging
 + Level 0.5 Stealth
 + Level 6.3 Shields


You had 7 spell levels left.
You didn't know any spells.

Dungeon Overview and Level Annotations

Branches:
Dungeon (4/15)
 Temple: D:4-7

Altars:
Gozag

Annotations:
D:2 Sigmund
D:4 dmj's ghost, amateur HuFi


Message History

A magic dart appears from out of thin air!
The magic dart hits you!
You feel sick. Something hits you.
You are more poisoned.
You're too confused to move!
* * * LOW HITPOINT WARNING * * *
You feel very sick. Something hits you.
* * * LOW HITPOINT WARNING * * *
You are more poisoned.
You bump into the rock wall.
You feel less confused.
* * * LOW HITPOINT WARNING * * *
You feel very sick.
* * * LOW HITPOINT WARNING * * *
You feel very sick. Something hits you.
* * * LOW HITPOINT WARNING * * *
You are more poisoned.
You die...

.# #..#........{...(.# #.#
## #..##........###..# #.# #
#..##..#########..####.# #
#..##..####............# #
#..............##.###### #
#.###..###..##.##.# # #.#
#{.# #. ##.##.# #
#.###..###..#...#.#
##########......@......#...#
##........##....###..#...#.#
##.######.##...........#...#
#...### #.##....###..#...###
......# #.#..........## ##
....#.# #.#.#..##.#.##
...##<# #.#.#.......###.#
.####.# #.#.#...........#
..###.# #.#.#.###.#######


There were no monsters in sight!

Vanquished Creatures
  Eustachio (D:4)
  A gnoll sergeant (D:3)
  A scorpion (D:2)
  A crimson imp (D:3)
  3 orc wizards (D:3)
  4 gnoll shamans (D:3)
  Jessica (D:2)
  Terence (D:3)
  2 worker ants
  Robin (D:2)
  41 gnolls (D:3)
  6 adders
  An ooze (D:3)
  A dart slug (D:1)
  4 worms
  7 leopard geckos
  12 orcs (D:3)
  5 bats
  6 giant cockroaches
  9 goblins
  12 hobgoblins
  22 jackals
  3 kobolds
  3 quokkas
  7 frilled lizards
  10 rats
  2 plants (D:3)
167 creatures vanquished.

Notes
Turn   | Place    | Note
-------+----------+-------------------------------------------
     0 | D:1      | tmwrnj the Hill Orc Fighter began the quest for the Orb.
     0 | D:1      | Reached XP level 1. HP: 19/19 MP: 1/1
   131 | D:1      | Reached XP level 2. HP: 27/27 MP: 2/2
   505 | D:1      | Reached skill level 3 in Axes
   746 | D:2      | Reached XP level 3. HP: 33/33 MP: 3/3
   752 | D:2      | Noticed Sigmund
  1306 | D:2      | Noticed Robin
  1309 | D:2      | Reached XP level 4. HP: 39/40 MP: 4/4
  1323 | D:2      | Killed Robin
  1323 | D:2      | Reached skill level 4 in Axes
  1490 | D:2      | Noticed Jessica
  1508 | D:2      | Killed Jessica
  1915 | D:2      | Reached XP level 5. HP: 45/46 MP: 5/5
  2186 | D:3      | Reached skill level 5 in Axes
  2236 | D:3      | Found an opulent altar of Gozag.
  2440 | D:3      | Reached XP level 6. HP: 45/52 MP: 6/6
  2749 | D:3      | Noticed Terence
  2759 | D:3      | Killed Terence
  2842 | D:3      | Reached skill level 5 in Shields
  3009 | D:3      | Reached skill level 6 in Axes
  3049 | D:3      | Reached XP level 7. HP: 52/60 MP: 7/7
  3529 | D:3      | Reached skill level 7 in Axes
  3769 | D:3      | Reached skill level 5 in Fighting
  3841 | D:3      | Reached skill level 5 in Armour
  3976 | D:3      | Reached XP level 8. HP: 59/68 MP: 8/8
  4130 | D:3      | Reached skill level 8 in Axes
  4142 | D:3      | Reached skill level 1 in Dodging
  4351 | D:3      | Became a worshipper of Beogh the Brigand
  4377 | D:4      | Noticed Eustachio
  4387 | D:4      | Killed Eustachio
  4483 | D:4      | Noticed dmj's ghost (amateur HuFi)
  4723 | D:2      | HP: 2/69 [something (5)]
  4724 | D:2      | Succumbed to Sigmund's poison

Skill      XL: |  1  2  3  4  5  6  7  8 |
---------------+-------------------------+-----
Axes           | 3 4 5 6 7 8 |  8.7
Fighting       | 4 5 |  5.5
Shields        | 4 5 6 |  6.3
Armour         | 4 5 |  5.2
Dodging        | 1 |  1.2
Stealth        | |  0.5

Action                   |  1- 3 |  4- 6 |  7- 9 || total
-------------------------+-------+-------+-------++-------
Melee: War axe           |   132 |   335 |   266 ||   733
Invok: Convert to Beogh  |       |       |     1 ||     1
  Use: Potion            |     1 |     1 |       ||     2
       Scroll            |       |     1 |       ||     1
  Eat: Chunk             |     2 |     6 |     5 ||    13
Armor: Scale mail        |    19 |       |       ||    19
       Chain mail        |    66 |   181 |   105 ||   352
Dodge: Dodged            |    38 |    68 |    57 ||   163
Block: Shield            |    80 |   175 |   142 ||   397
